DBL
CINCINNATI REDS @ NEW YORK YANKEES
05/12/1997
 
TOP OF THE 1ST
Cincinnati Reds batting - Pitching for New York Yankees : LHP Brian Bohanon
Pitching: LHP Brian Bohanon
Batting: LHB Fernando Vina 0-0: Swinging Strike
0-1: Called Strike
0-2: Ground out 4-3 (Groundball, 4, EV 83.1 MPH)
Batting: SHB Bernie Williams 0-0: Fly out, F9 (Flyball, 9LM, EV 93.8 MPH)
Batting: RHB Scott Rolen 0-0: Foul Ball, location: 2F
0-1: Called Strike
0-2: DOUBLE (Line Drive, 9LD, EV 95.6 MPH)
Batting: SHB Omar Vizquel 0-0: Ball
1-0: Called Strike
1-1: Ball
2-1: Called Strike
2-2: Ground out 6-3 (Groundball, 6, EV 101.3 MPH)
Top of the 1st over - 0 runs, 1 hit, 0 errors, 1 left on base; Cincinnati 0 - New York 0
BOTTOM OF THE 1ST
New York Yankees batting - Pitching for Cincinnati Reds : RHP Jose Rijo
Pitching: RHP Jose Rijo
Batting: RHB Orlando Cabrera 0-0: Called Strike
0-1: Ball
1-1: Ground out 5-3 (Groundball, 56, EV 105.6 MPH)
Batting: LHB Bobby Abreu 0-0: Fly out, F8 (Flyball, 89D, EV 91.9 MPH)
Batting: RHB Mike Lieberthal 0-0: Ball
1-0: Called Strike
1-1: Fly out, F9 (Flyball, 9LM, EV 84.4 MPH)
Bottom of the 1st over - 0 runs, 0 hits, 0 errors, 0 left on base; Cincinnati 0 - New York 0
TOP OF THE 2ND
Cincinnati Reds batting - Pitching for New York Yankees : LHP Brian Bohanon
Batting: LHB Fred McGriff 0-0: Ball
1-0: Fly out, F1 (Line Drive, P, EV 66.9 MPH)
Batting: LHB Bobby Higginson 0-0: Ground out U3 (Groundball, 3, EV 82.5 MPH)
Batting: LHB Dave Nilsson 0-0: Called Strike
0-1: DOUBLE (Line Drive, 78D, EV 107.5 MPH)
Batting: SHB Scott Spiezio 0-0: Ball
1-0: Ground out 6-3 (Groundball, 6, EV 86.3 MPH)
Top of the 2nd over - 0 runs, 1 hit, 0 errors, 1 left on base; Cincinnati 0 - New York 0
BOTTOM OF THE 2ND
New York Yankees batting - Pitching for Cincinnati Reds : RHP Jose Rijo
Batting: RHB Kazuhiro Kiyohara 0-0: Ball
1-0: Ball
2-0: Foul Ball, location: 2F
2-1: Swinging Strike
2-2: Strikes out looking
Batting: RHB Travis Fryman 0-0: Ball
1-0: Called Strike
1-1: Foul Ball, location: 2F
1-2: Ball
2-2: Ball
3-2: Foul Ball, location: 2F
3-2: Strikes out swinging passed ball, reaches first!
Batting: RHB Phil B. Clark 0-0: Ball
1-0: Hit by Pitch
Travis Fryman to second
Pinch Runner at 1st J.R. Phillips:
Batting: SHB Quinton McCracken 0-0: Called Strike
0-1: Ball
1-1: Foul Ball, location: 2F
1-2: Strikes out swinging
Batting: RHB Darren Lewis 0-0: Ball
1-0: Ball
2-0: Foul Ball, location: 2F
2-1: Fielders Choice at 2nd, 6-4 (Groundball, 56, EV 100.0 MPH)
Bottom of the 2nd over - 0 runs, 0 hits, 0 errors, 2 left on base; Cincinnati 0 - New York 0
TOP OF THE 3RD
Cincinnati Reds batting - Pitching for New York Yankees : LHP Brian Bohanon
Batting: SHB Dwayne Hosey 0-0: Called Strike
0-1: Ball
1-1: Foul Ball, location: 2F
1-2: Ball
2-2: Strikes out swinging
Batting: LHB Fernando Vina 0-0: Ground out 4-3 (Groundball, 4, EV 95.0 MPH)
Batting: SHB Bernie Williams 0-0: Ball
1-0: Swinging Strike
1-1: Ball
2-1: Foul Ball, location: 2F
2-2: Ball
3-2: Foul Ball, location: 2F
3-2: Foul Ball, location: 2F
3-2: Base on Balls
Batting: RHB Scott Rolen 0-0: Ball
1-0: Fly out, F8 (Flyball, 89XD, EV 112.5 MPH)
Top of the 3rd over - 0 runs, 0 hits, 0 errors, 1 left on base; Cincinnati 0 - New York 0
BOTTOM OF THE 3RD
New York Yankees batting - Pitching for Cincinnati Reds : RHP Jose Rijo
Batting: RHB Mike Gallego 0-0: Called Strike
0-1: Foul Ball, location: 2F
0-2: Ground out 5-3 (Groundball, 56, EV 86.3 MPH)
Batting: RHB Orlando Cabrera 0-0: Ball
1-0: Called Strike
1-1: Fly out, F9 (Flyball, 9, EV 90.0 MPH)
Batting: LHB Bobby Abreu 0-0: Ball
1-0: Called Strike
1-1: Swinging Strike
1-2: Strikes out swinging
Bottom of the 3rd over - 0 runs, 0 hits, 0 errors, 0 left on base; Cincinnati 0 - New York 0
TOP OF THE 4TH
Cincinnati Reds batting - Pitching for New York Yankees : LHP Brian Bohanon
Batting: SHB Omar Vizquel 0-0: Foul Ball, location: 2F
0-1: Ball
1-1: Called Strike
1-2: Ball
2-2: Foul Ball, location: 2F
2-2: Foul Ball, location: 2F
2-2: Fly out, F9 (Flyball, 9, EV 94.4 MPH)
Batting: LHB Fred McGriff 0-0: Called Strike
0-1: SINGLE (Groundball, 34D, EV 105.6 MPH)
Batting: LHB Bobby Higginson 0-0: Called Strike
0-1: Fly out, F8 (Flyball, 78D, EV 85.0 MPH)
Batting: LHB Dave Nilsson 0-0: Foul Ball, location: 2F
0-1: Ball
1-1: Ball
2-1: Ball
3-1: Called Strike
3-2: Strikes out looking
Top of the 4th over - 0 runs, 1 hit, 0 errors, 1 left on base; Cincinnati 0 - New York 0
BOTTOM OF THE 4TH
New York Yankees batting - Pitching for Cincinnati Reds : RHP Jose Rijo
Batting: RHB Mike Lieberthal 0-0: Called Strike
0-1: Ball
1-1: Fly out, F9 (Flyball, 9LMF, EV 86.9 MPH)
Batting: RHB Kazuhiro Kiyohara 0-0: Ball
1-0: Foul Ball, location: 2F
1-1: Foul Ball, location: 2F
1-2: Ball
2-2: Ball
3-2: Foul Ball, location: 2F
3-2: Foul Ball, location: 2F
3-2: Ground out 6-3 (Groundball, 6, EV 85.0 MPH)
Batting: RHB Travis Fryman 0-0: Called Strike
0-1: Ball
1-1: Called Strike
1-2: Strikes out swinging
Bottom of the 4th over - 0 runs, 0 hits, 0 errors, 0 left on base; Cincinnati 0 - New York 0
TOP OF THE 5TH
Cincinnati Reds batting - Pitching for New York Yankees : LHP Brian Bohanon
Batting: SHB Scott Spiezio 0-0: Called Strike
0-1: Ball
1-1: Called Strike
1-2: Foul Ball, location: 2F
1-2: Ground out 1-3 (Groundball, 15S, EV 74.4 MPH)
Batting: SHB Dwayne Hosey 0-0: Called Strike
0-1: Foul Ball, location: 2F
0-2: Foul Ball, location: 2F
0-2: Ball
1-2: Foul Ball, location: 2F
1-2: Strikes out looking
Batting: LHB Fernando Vina 0-0: SINGLE (Groundball, 4MD, EV 100.6 MPH)
Batting: SHB Bernie Williams 0-0: Ball
1-0: Called Strike
1-1: Called Strike
1-2: Ground out 4-3 (Groundball, 4, EV 78.1 MPH)
Top of the 5th over - 0 runs, 1 hit, 0 errors, 1 left on base; Cincinnati 0 - New York 0
BOTTOM OF THE 5TH
New York Yankees batting - Pitching for Cincinnati Reds : RHP Jose Rijo
Batting: LHB J.R. Phillips 0-0: Ball
1-0: SINGLE (Line Drive, 7LS, EV 102.5 MPH)
Batting: SHB Quinton McCracken 0-0: Ball
1-0: Called Strike
1-1: Sac Bunt to 15S - play at first, batter OUT! 1-3
J.R. Phillips to second
Batting: RHB Darren Lewis 0-0: Foul Ball, location: 2F
0-1: Swinging Strike
0-2: Ball
1-2: Strikes out looking
Batting: RHB Mike Gallego 0-0: Ball
1-0: Swinging Strike
1-1: Ball
2-1: Foul Ball, location: 2F
2-2: Strikes out swinging
Bottom of the 5th over - 0 runs, 1 hit, 0 errors, 1 left on base; Cincinnati 0 - New York 0
TOP OF THE 6TH
Cincinnati Reds batting - Pitching for New York Yankees : LHP Brian Bohanon
Batting: RHB Scott Rolen 0-0: Ball
1-0: Foul Ball, location: 2F
1-1: Ball
2-1: Called Strike
2-2: SINGLE (Line Drive, 6MD, EV 103.8 MPH)
Batting: SHB Omar Vizquel 0-0: Bunted foul
0-1: Ball
1-1: Bunt missed!
1-2: Foul Ball, location: 2F
1-2: Ball
2-2: Fielders Choice at 2nd, 6-4 (Groundball, 56, EV 103.1 MPH)
Batting: LHB Fred McGriff 0-0: Ball
1-0: Ball
2-0: Ball
3-0: Base on Balls
Omar Vizquel to second
Batting: LHB Bobby Higginson 0-0: Called Strike
0-1: Fly out, F8 (Flyball, 8RXD, EV 102.5 MPH)
Runner from 2nd tags up, SAFE at 3rd, no throw by CF
Batting: LHB Dave Nilsson 0-0: Called Strike
0-1: Ground out 4-3 (Groundball, 4, EV 101.9 MPH)
Top of the 6th over - 0 runs, 1 hit, 0 errors, 2 left on base; Cincinnati 0 - New York 0
BOTTOM OF THE 6TH
New York Yankees batting - Pitching for Cincinnati Reds : RHP Jose Rijo
Batting: RHB Orlando Cabrera 0-0: Ball
1-0: Fly out, F7 (Flyball, 7, EV 90.0 MPH)
Batting: LHB Bobby Abreu 0-0: Called Strike
0-1: Called Strike
0-2: Strikes out swinging
Batting: RHB Mike Lieberthal 0-0: Ball
1-0: Foul Ball, location: 2F
1-1: Foul Ball, location: 2F
1-2: SINGLE (Flyball, 78S, EV 90.6 MPH)
Batting: RHB Kazuhiro Kiyohara 0-0: Ball
1-0: Swinging Strike
1-1: Called Strike
1-2: Ball
2-2: Ball
3-2: Base on Balls
Mike Lieberthal to second
Batting: RHB Travis Fryman 0-0: Ball
1-0: Foul Ball, location: 2F
1-1: Fly out, F8 (Flyball, 8LS, EV 78.8 MPH)
Bottom of the 6th over - 0 runs, 1 hit, 0 errors, 2 left on base; Cincinnati 0 - New York 0
TOP OF THE 7TH
Cincinnati Reds batting - Pitching for New York Yankees : LHP Brian Bohanon
Batting: SHB Scott Spiezio 0-0: Ball
1-0: Foul Ball, location: 2F
1-1: Swinging Strike
1-2: Ball
2-2: Ball
3-2: Fly out, F8 (Flyball, 89D, EV 85.0 MPH)
Batting: SHB Dwayne Hosey 0-0: Swinging Strike
0-1: Ball
1-1: Swinging Strike
1-2: Foul Ball, location: 2F
1-2: Strikes out swinging
Batting: LHB Fernando Vina 0-0: Fly out, F9 (Line Drive, 9, EV 91.3 MPH)
Top of the 7th over - 0 runs, 0 hits, 0 errors, 0 left on base; Cincinnati 0 - New York 0
BOTTOM OF THE 7TH
New York Yankees batting - Pitching for Cincinnati Reds : RHP Jose Rijo
Batting: LHB J.R. Phillips 0-0: Called Strike
0-1: Ball
1-1: Ball
2-1: Ball
3-1: Called Strike
3-2: Ground out 6-3 (Groundball, 6, EV 85.6 MPH)
Batting: SHB Quinton McCracken 0-0: Ball
1-0: Ball
2-0: Fly out, F7 (Flyball, 7D, EV 101.3 MPH)
Batting: RHB Darren Lewis 0-0: Ball
1-0: Called Strike
1-1: Ball
2-1: Called Strike
2-2: Foul Ball, location: 2F
2-2: Strikes out swinging
Bottom of the 7th over - 0 runs, 0 hits, 0 errors, 0 left on base; Cincinnati 0 - New York 0
TOP OF THE 8TH
Cincinnati Reds batting - Pitching for New York Yankees : LHP Brian Bohanon
Batting: SHB Bernie Williams 0-0: Ball
1-0: Ball
2-0: Swinging Strike
2-1: DOUBLE (Line Drive, 78D, EV 107.5 MPH)
Batting: RHB Scott Rolen 0-0: Intentional Walk
Batting: SHB Omar Vizquel 0-0: Bunt missed!
0-1: Ball
1-1: Ball
2-1: Bunt missed!
2-2: Foul Ball, location: 2F
2-2: Foul Ball, location: 2F
2-2: Fielders Choice at 2nd, 2-4 (Groundball, 15S, EV 70.0 MPH)
Bernie Williams to third
Batting: LHB Fred McGriff 0-0: Fly out, F8 (Flyball, 8RM, EV 91.3 MPH)
Runner from 3rd tags up, OUT at HOME! 8-2
Top of the 8th over - 0 runs, 1 hit, 0 errors, 1 left on base; Cincinnati 0 - New York 0
BOTTOM OF THE 8TH
New York Yankees batting - Pitching for Cincinnati Reds : RHP Jose Rijo
Pitching: RHP Doug Henry
Batting: RHB Mike Gallego 0-0: Foul Ball, location: 2F
0-1: Ball
1-1: Foul Ball, location: 2F
1-2: Ball
2-2: Ball
3-2: SINGLE (Line Drive, 8LS, EV 109.4 MPH)
Batting: RHB Orlando Cabrera 0-0: Sac Bunt to P - play at first, batter OUT! 1-3
Mike Gallego to second
Batting: LHB Bobby Abreu 0-0: Called Strike
0-1: Called Strike
0-2: Foul Ball, location: 2F
0-2: Ball
1-2: Strikes out swinging
Batting: RHB Mike Lieberthal 0-0: Called Strike
0-1: Ball
1-1: Ball
2-1: Called Strike
2-2: 2-RUN HOME RUN (Flyball, 7D, EV 111.9 MPH), Distance : 377 ft
Batting: RHB Kazuhiro Kiyohara 0-0: Ball
1-0: Ball
2-0: Called Strike
2-1: Swinging Strike
2-2: Strikes out swinging
Bottom of the 8th over - 2 runs, 2 hits, 0 errors, 0 left on base; Cincinnati 0 - New York 2
TOP OF THE 9TH
Cincinnati Reds batting - Pitching for New York Yankees : LHP Brian Bohanon
Batting: LHB Bobby Higginson 0-0: Called Strike
0-1: Called Strike
0-2: SINGLE (Line Drive, 34D, EV 94.4 MPH)
Pinch Hitting: RHB Javy Lopez 0-0: Called Strike
0-1: Ball
1-1: Ball
2-1: Foul Ball, location: 2F
2-2: Strikes out looking
Batting: SHB Scott Spiezio 0-0: Called Strike
0-1: Ball
1-1: Grounds into double play, 6-4-3 (Groundball, 6S, EV 83.8 MPH)
Top of the 9th over - 0 runs, 1 hit, 0 errors, 0 left on base; Cincinnati 0 - New York 2
Monday, February 9th, 2026 - OOTP Baseball 20.8 Build 74